 Dungeon Crawl Stone Soup version 0.21.1-1-g345015fe64 (webtiles) character file.

5070 Naow the Warmonger (level 10, -2/74 HPs)
             Began as a Formicid Fighter on June 11, 2018.
             Was an Elder of Okawaru.
             Slain by a large slime creature (20 damage)
             ... on level 8 of the Dungeon.
             The game lasted 00:14:25 (7293 turns).

Naow the Warmonger (Formicid Fighter)               Turns: 7293, Time: 00:14:25

Health: -2/74      AC: 18    Str: 25    XL:     10   Next: 86%
Magic:  18/27      EV: 10    Int:  7    God:    Okawaru [****..]
Gold:   461        SH: 13    Dex: 10    Spells: 9/9 levels left

rFire    + . .     SeeInvis +   y - +2 war axe (freeze)
rCold    . . .     Gourm    +   c - +0 shield
rNeg     . . .     Faith    .   J - +0 plate armour
rPois    .         Spirit   .   (helmet unavailable)
rElec    .         Reflect  .   w - +0 cloak
rCorr    .         Harm     .   (no gloves)
MR       +....                  G - +1 pair of boots
Stlth    ..........             A - amulet of the gourmand
HPRegen  0.22/turn              F - ring of magical power
MPRegen  0.20/turn              l - ring of protection from fire

@: heroism
A: permanent stasis, dig shafts and tunnels, four strong arms, antennae 3
a: Dig, Shaft Self, Heroism, Renounce Religion


You were on level 8 of the Dungeon.
You worshipped Okawaru.
Okawaru was greatly pleased with you.
You were full.

You visited 2 branches of the dungeon, and saw 9 of its levels.
You also visited: Ossuary.

You collected 461 gold pieces.

Inventory:

Hand Weapons
 a - a +0 war axe
 y - a +2 war axe of freezing (weapon)
Armour
 b - a +0 scale mail
 c - a +0 shield (worn)
 w - a +0 cloak (worn)
 G - a +1 pair of boots (worn)
 J - a +0 plate armour (worn)
Jewellery
 l - a ring of protection from fire (right hand)
 A - an amulet of the gourmand (around neck)
 C - an uncursed ring of fire
 F - a ring of magical power (left hand)
Wands
 m - a wand of disintegration (10)
 p - a wand of random effects (21)
 x - a wand of digging (15)
 D - a wand of flame (25)
 E - a wand of clouds (7)
 I - a wand of iceblast (8)
 N - a wand of paralysis (14)
Scrolls
 e - 3 scrolls of teleportation
 g - 6 scrolls of remove curse
 j - 2 scrolls of enchant armour
 q - a scroll of enchant weapon
Potions
 d - 3 potions of might
 i - a potion of mutation {unknown}
 n - 6 potions of curing
 r - a potion of agility
 t - 3 potions of magic
 z - 3 potions of flight
 B - 4 potions of heal wounds
 H - a potion of cancellation {unknown}
 K - a potion of lignification {unknown}
 L - a potion of brilliance {unknown}
 M - a potion of berserk rage {unknown}
Books
 o - a book of Misfortune

   Spells                             Type                      Level
   a - Confusing Touch                Hexes                        1
   b - Confuse                        Hexes                        3
   c - Gell's Gravitas                Translocation                3
   d - Petrify                        Transmutation/Earth          4
   e - Metabolic Englaciation         Hexes/Ice                    5
   f - Yara's Violent Unravelling     Hexes/Transmutation          5
Comestibles
 f - 8 rations


   Skills:
 + Level 5.0(10.0) Fighting
 - Level 8.6(13.6) Axes
 + Level 5.0(10.0) Armour
 + Level 2.9(7.9) Dodging
 - Level 8.0(13.0) Shields
 - Level 11.3 Invocations


You had 9 spell levels left.
You didn't know any spells.

Dungeon Overview and Level Annotations

Branches:
Dungeon (8/15)             Temple (1/1) D:4
   Lair: D:8-11

Altars:
Ashenzari
Cheibriados
Dithmenos
Elyvilon
Fedhas
Gozag
Hepliaklqana
Kikubaaqudgha
Makhleb
Nemelex Xobeh
Okawaru
Qazlal
Ru
Sif Muna
Trog
Uskayaw
Vehumet
Wu Jian
Xom
Yredelemnul
Zin

Annotations:
D:4 Pikel
D:8 Prince Ribbit


Innate Abilities, Weirdness & Mutations

You cannot be hasted, slowed, berserked, paralysed or teleported.
You can dig through walls and to a lower floor.
Your four strong arms can wield two-handed weapons with a shield.
You have a pair of large antennae on your head. (SInv)


Message History

The slime creature hits you but does no damage.
Two slime creatures merge to form a large slime creature.
You slash the large slime creature! You freeze the large slime creature.
The large slime creature is moderately wounded.
You slash the large slime creature! You freeze the large slime creature.
The large slime creature is moderately wounded.
You slash the large slime creature! You freeze the large slime creature.
The large slime creature is heavily wounded.
The large slime creature hits you!!
You hit the large slime creature. You freeze the large slime creature.
The large slime creature is heavily wounded.
You block the large slime creature's attack.
You slash the large slime creature! You freeze the large slime creature.
The large slime creature is severely wounded.
The large slime creature hits you!!
* * * LOW HITPOINT WARNING * * *
You hit the large slime creature. You freeze the large slime creature.
The large slime creature is severely wounded.
The large slime creature hits you!!
You die...

#...##.######......#
#### #.# ##.##.## #)#
#..# ##
#)######.<#####
####)##..J...{...#
#.)....[J..#J#.$....
#..........#.#...###
#..(.....###.###.#
#....##..#...J@#.####.
#....##..###.###......
#....###...#.#.......?
#....# #...###.....J..
#....# #...J.J..J#
#.... ######.#### #...
#####


You could see a large slime creature.

Vanquished Creatures
  2 two-headed ogres
  Psyche (D:8)
  A slime creature (D:8)
  A wyvern (D:8)
  3 sky beasts
  2 ice beasts
  4 orc warriors
  An ogre (D:7)
  A centaur (D:7)
  Blork the orc (D:5)
  2 bullfrogs
  3 water moccasin zombies (Ossuary)
  A scorpion (D:5)
  5 wights (D:7)
  3 crimson imps
  8 orc priests
  A centaur skeleton (D:5)
  Crazy Yiuf (D:3)
  A bullfrog skeleton (D:4)
  5 hounds
  Jessica (D:3)
  Terence (D:2)
  13 orc wizards
  5 worker ants
  6 big kobold zombies (Ossuary)
  2 mummies (Ossuary)
  5 adders
  4 gnolls (D:3)
  3 shadow imps
  An ooze (D:4)
  4 adder zombies (Ossuary)
  2 adder skeletons (D:4)
  2 worms
  2 dart slugs
  2 leopard geckos (D:4)
  50 orcs
  A ball python (D:3)
  3 giant cockroaches
  4 gnoll zombies (Ossuary)
  13 goblins
  7 hobgoblins
  8 jackals
  2 quokkas
  4 bats
  2 frilled lizards
  3 giant cockroach zombies
  9 hobgoblin zombies (Ossuary)
  10 kobolds
  4 kobold zombies (Ossuary)
  4 orc zombies (Ossuary)
  7 rats
231 creatures vanquished.

Notes
Turn   | Place    | Note
-------+----------+-------------------------------------------
     0 | D:1      | Naow the Formicid Fighter began the quest for the Orb.
     0 | D:1      | Reached XP level 1. HP: 18/18 MP: 1/1
    91 | D:1      | Reached XP level 2. HP: 24/24 MP: 2/2
   518 | D:2      | Reached XP level 3. HP: 24/29 MP: 3/3
   583 | D:2      | Reached XP level 4. HP: 32/35 MP: 4/4
   891 | D:2      | Noticed Terence
   904 | D:2      | Killed Terence
  1059 | D:3      | Reached XP level 5. HP: 40/41 MP: 5/5
  1307 | D:3      | Reached skill level 5 in Shields
  1312 | D:3      | Noticed Jessica
  1325 | D:3      | Killed Jessica
  1325 | D:3      | Reached XP level 6. HP: 29/47 MP: 6/6
  1467 | D:3      | Found a runed door.
  1512 | D:3      | Reached skill level 5 in Axes
  2064 | D:3      | Noticed Crazy Yiuf
  2069 | D:3      | Killed Crazy Yiuf
  2140 | D:4      | Reached XP level 7. HP: 20/52 MP: 7/7
  2367 | D:4      | Noticed Pikel
  2808 | D:4      | Found a stormy altar of Qazlal.
  2927 | D:4      | Found a staircase to the Ecumenical Temple.
  3011 | D:4      | Found a deep blue altar of Sif Muna.
  3088 | Temple   | Entered the Ecumenical Temple
  3198 | Temple   | Became a worshipper of Warmaster Okawaru
  3319 | D:5      | Entered Level 5 of the Dungeon
  3507 | D:5      | Noticed Blork the orc
  3941 | D:5      | Reached XP level 8. HP: 51/58 MP: 8/8
  4010 | D:5      | Found a radiant altar of Vehumet.
  4011 | D:5      | Found an opulent altar of Gozag.
  4191 | D:5      | Killed Blork the orc
  4191 | D:5      | Reached * piety under Okawaru
  4587 | D:6      | HP: 1/58 [orc priest/divine providence (7)]
  5266 | D:6      | Reached ** piety under Okawaru
  5266 | D:6      | Reached skill level 1 in Invocations
  5273 | D:6      | Reached skill level 2 in Invocations
  5273 | D:6      | Reached XP level 9. HP: 55/64 MP: 11/11
  5318 | D:6      | Found a hide-covered altar of Uskayaw.
  5319 | D:6      | Found a snail-covered altar of Cheibriados.
  5323 | D:6      | Reached skill level 3 in Invocations
  5695 | D:7      | Reached skill level 4 in Invocations
  5755 | D:7      | Reached skill level 5 in Invocations
  5773 | D:7      | Reached skill level 6 in Invocations
  6119 | D:7      | Reached skill level 7 in Invocations
  6172 | D:7      | Reached *** piety under Okawaru
  6172 | D:7      | Reached skill level 8 in Invocations
  6201 | D:7      | Noticed a two-headed ogre
  6428 | D:8      | Reached skill level 9 in Invocations
  6476 | D:8      | Noticed Psyche
  6480 | D:8      | Noticed a two-headed ogre
  6497 | D:8      | Killed Psyche
  6497 | D:8      | Reached XP level 10. HP: 45/70 MP: 15/17
  6502 | D:8      | Killed a two-headed ogre
  6502 | D:8      | Reached skill level 11 in Invocations
  6524 | D:8      | Reached skill level 1 in Dodging
  6555 | D:8      | Reached **** piety under Okawaru
  6605 | D:7      | Killed a two-headed ogre
  6627 | D:8      | Noticed Prince Ribbit
  6670 | D:8      | Found a sand-covered staircase.
  6675 | Ossuary  | Entered an ossuary
  7195 | Ossuary  | Reached skill level 5 in Armour
  7196 | Ossuary  | Reached skill level 5 in Fighting
  7293 | D:8      | Slain by a large slime creature

Skill      XL: |  1  2  3  4  5  6  7  8  9 10 |
---------------+-------------------------------+-----
Shields        | 4 5 6 8 |  8.0
Axes           | 3 4 5 7 8 |  8.6
Invocations    | 2 9 11 | 11.3
Dodging        | 2 |  2.9
Fighting       | 5 |  5.0
Armour         | 5 |  5.0

Action                   |  1- 3 |  4- 6 |  7- 9 | 10-12 || total
-------------------------+-------+-------+-------+-------++-------
Melee: War axe           |    78 |   184 |   368 |   186 ||   816
Invok: Heroism           |       |       |     6 |     3 ||     9
  Use: Scroll            |       |       |     7 |     6 ||    13
 Stab: Invisible         |       |       |     1 |       ||     1
  Eat: Chunk             |       |     3 |    20 |       ||    23
       Ration            |       |       |     1 |       ||     1
Armor: Scale mail        |    37 |    54 |    98 |       ||   189
       Plate armour      |       |       |    51 |    54 ||   105
Dodge: Dodged            |    27 |    47 |   119 |    33 ||   226
Block: Shield            |    53 |   109 |   204 |    71 ||   437
